 Dungeon Crawl Stone Soup version bcrawl-1.36.4 (webtiles) character file.

Game seed: 11678401884389111165

499578 Helmut the Basher (level 11, -9/120 HPs)
             Began as an Ent Monk on Aug 13, 2022.
             Was a High Priest of Cheibriados.
             Killed from afar by an efreet (24 damage)
             ... with a bolt of fire
             ... on level 10 of the Dungeon.
             The game lasted 00:15:01 (8113 turns).

Helmut the Basher (Ent Monk)                        Turns: 8113, Time: 00:15:01

Health: -9/120     AC: 25    Str: 39    XL:     11   Next: 68%
Magic:  0/19       EV: 20    Int: 23    God:    Cheibriados [*****.]
Gold:   688        SH:  0    Dex: 27    Spells: 15/21 levels left

rFire    . . .     SeeInvis .   y - +3 hand axe of Meager Defence {protect, *Slow +Rage MR+ Dex+3}
rCold    . . .     Gourm    .   (no shield)
rNeg     + + +     Faith    .   (armour unavailable)
rPois    +         Spirit   +   b - +0 hat
rElec    .         Reflect  .   (no cloak)
rCorr    .         Clarity  +   (gloves unavailable)
MR       ++...                  (boots unavailable)
Stlth    ++++++....             c - amulet of guardian spirit
HPRegen  0.30/turn              H - ring of stealth
MPRegen  0.16/turn              (no ring)

@: mighty, protection aura, very slow
A: large, slow actions, passwall, strong branches, negative energy resistance 3,
poison resistance, slow metabolism 1, torment resistance, unbreathing, AC +18
a: Passwall, Bend Time, Defer, Temporal Distortion, Step From Time, Renounce
Religion, Evoke Berserk Rage


You were on level 10 of the Dungeon.
You worshipped Cheibriados.
Cheibriados was extremely pleased with you.
You were hungry.

You visited 1 branch of the dungeon, and saw 10 of its levels.

You collected 688 gold pieces.

Inventory:

Hand Weapons
 a - a +0 mace
 y - the +3 hand axe of Meager Defence (weapon) {protect, *Slow +Rage MR+ Dex+3}
   (You found it on level 5 of the Dungeon)

   It grants its wielder temporary protection when it strikes (+7 to AC).
   It affects your dexterity (+3).
   It affects your resistance to hostile enchantments.
   It lets you go berserk.
   It may slow you when you take damage.
 I - a +0 mace
Missiles
 s - 659 stones
 u - 83 javelins
 D - 171 poisoned tomahawks (quivered)
 F - 101 large rocks
 J - 3 throwing nets {=f}
Armour
 b - a +0 hat (worn)
 K - a +0 cloak
Magical Staves
 t - an uncursed staff of cold
Jewellery
 c - an amulet of guardian spirit (around neck)
 H - a ring of stealth (left hand)
Wands
 q - a wand of random effects (5)
 v - a wand of acid (20)
 G - a wand of scattershot (3)
 L - a wand of flame (14)
Scrolls
 d - 5 scrolls of remove curse
 g - 3 scrolls of magic mapping {unknown}
 h - a scroll of amnesia {unknown}
 i - 4 scrolls of identify
 j - 2 scrolls of enchant weapon {unknown}
 l - 2 scrolls of enchant armour {unknown}
 r - a scroll of fear {unknown}
 w - 4 scrolls of blinking {unknown}
 x - 2 scrolls of fog {unknown}
Potions
 f - 3 potions of curing
 k - a potion of mutation
 m - a potion of lignification
 n - a potion of might
 o - 2 potions of haste
 p - a potion of heal wounds {unknown}
 z - 2 potions of invisibility {unknown}
 A - 2 potions of ambrosia {unknown}
 B - a potion of agility {unknown}
 C - a potion of resistance {unknown}
 E - 2 potions of magic {unknown}
Comestibles
 e - 19 rations {!d}
 M - a chunk of flesh


   Skills:
 + Level 7.8 Fighting
 + Level 6.2(7.3) Axes
 + Level 9.4(11.1) Maces & Flails
 + Level 3.3 Throwing
 + Level 9.4 Dodging
 + Level 4.9 Stealth
 + Level 5.9 Spellcasting
 + Level 2.9 Conjurations
 + Level 4.9 Hexes
 + Level 3.4 Invocations


You had 15 spell levels left.
You knew the following spells:

 Your Spells              Type           Power        Failure   Level  Hunger
a - Confuse               Hex            ####....     3%          3    ##.....
b - Dazzling Orbs         Conj/Hex       ####...      4%          3    ##.....

Your spell library contained the following spells:

 Spells                   Type           Power        Failure   Level  Hunger
 Ensorcelled Hibernation  Hex/Ice        ###...       4%          2    None
 Fulminant Prism          Conj/Hex       ####......   17%         4    ####...
 Yara's Violent Unravell  Hex/Tmut       ###.......   30%         4    ####...
 Petrify                  Tmut/Erth      #.........   65%         4    ####...
 Metabolic Englaciation   Hex/Ice        ###.......   65%         5    ######.
 Bolt of Draining         Conj/Necr      ##........   78%         5    ######.
 Darkness                 Hex            ####......   86%         6    #######
 Borgnjor's Vile Clutch   Necr/Erth      #.........   100%        6    #######
 Infestation              Hex/Tmut/Pois  ##.......    100%        6    #######
 Iron Shot                Conj/Erth      ##........   100%        6    #######
 Poison Arrow             Conj/Pois      ##........   100%        6    #######
 Mana Rupture             Conj/Hex       ####......   100%        7    #######
 Orb of Destruction       Conj           ###.......   100%        7    #######
 Shadow Creatures         Summ           N/A          100%        7    #######
 Spellforged Servitor     Conj/Summ      ##........   100%        7    #######
 Time Stop                Chrm/Tloc      N/A          100%        8    #######


Dungeon Overview and Level Annotations

Branches:
Dungeon (10/12)            Temple (0/1) D:7            Lair (0/6) D:7
    Orc: D:8-11

Altars:
Cheibriados
Okawaru
Sif Muna
Wu Jian

Shops:
D:8 *

Annotations:
D:5 1 runed translucent door, Galewind's ghost, novice AvCj


Innate Abilities, Weirdness & Mutations

You move and act slowly.
You can pass through walls and trees.
Your branches can wield two-handed weapons with a shield.
Your thick bark is tough. (AC +18)
You are too large for most types of armour.
You are immune to negative energy. (rN+++)
Your system is resistant to poisons. (rPois)
You have a slow metabolism.
You are immune to unholy pain and torment.
You can survive without breathing.


Message History

The slime creature closely misses you. The hungry ghost completely misses you.
Your base Axes skill increases to level 6!
You slash the efreet!
The efreet is moderately wounded.
You closely miss the hungry ghost. You slash the slime creature!
You hit the slime creature. You slash the scorpion!
You kill the scorpion!
Cheibriados thoroughly appreciates the change of pace.
Cheibriados raises the support of your attributes as your movement slows.
The slime creature hits you but does no damage.
The efreet hits you but does no damage. The slime creature misses you.
Two slime creatures merge to form a large slime creature.
The hungry ghost closely misses you.
You slash the efreet!
The efreet is severely wounded.
You slash the hungry ghost! You hit the large slime creature.
You barely miss the slime creature. The efreet gestures at you.
The bolt of fire hits you!!
You die...

.........☼.....
...............
..............#
(.............#
..............#
..............#
.....J.°......#
......JWR.....#
......J@.?....#
......)).......
...............
......^........
............(..
###...$.....###
###########


You could see a large slime creature, 2 slime creatures, an efreet and a hungry
ghost.

Vanquished Creatures
  Harold (D:9)
  Psyche (D:9)
  3 two-headed ogres
  A centaur warrior (D:10)
  A cyclops (D:7)
  A gargoyle (D:7)
  2 trolls
  Maurice (D:9)
  2 hippogriffs
  A spriggan (D:7)
  A shadow (D:9)
  16 yaks
  2 hungry ghosts
  3 crocodiles
  A water moccasin (D:5)
  An acid dragon (D:10)
  3 porcupines (D:7)
  2 orc warriors (D:7)
  5 sky beasts
  2 black bears
  3 ice beasts
  A necrophage (D:8)
  A phantom (D:5)
  An ogre (D:9)
  5 bullfrogs
  3 centaurs
  5 scorpions
  11 killer bees
  An electric eel (D:9)
  3 orc priests
  7 crimson imps
  4 jellies
  A bullfrog zombie (D:3)
  6 orc wizards
  Jessica (D:2)
  An iguana (D:5)
  7 worker ants
  A hound skeleton (D:8)
  A howler monkey zombie (D:5)
  2 worker ant zombies
  8 adders
  A howler monkey skeleton (D:8)
  An ooze (D:3)
  An adder skeleton (D:5)
  2 worms (D:2)
  5 dart slugs
  5 leopard geckos
  17 orcs
  6 bats
  7 goblins
  13 hobgoblins
  17 jackals
  5 quokkas
  4 frilled lizards
  A jackal skeleton (D:4)
  11 kobolds
  A quokka zombie (D:5)
  6 rats
226 creatures vanquished.

Vanquished Creatures (others)
  A fungus (D:5)
  7 plants (D:7)
8 creatures vanquished.

Grand Total: 234 creatures vanquished

Notes
Turn   | Place    | Note
-------+----------+-------------------------------------------
     0 | D:1      | Helmut the Ent Monk began the quest for the Orb.
     0 | D:1      | Reached XP level 1. HP: 25/25 MP: 2/2
    71 | D:1      | Reached XP level 2. HP: 33/33 MP: 3/3
   445 | D:1      | Reached XP level 3. HP: 40/40 MP: 4/4
   756 | D:2      | Found a shimmering blue altar of Sif Muna.
   783 | D:2      | Found an ornate altar of the Wu Jian Council.
   833 | D:2      | Noticed Jessica
   847 | D:2      | Reached XP level 4. HP: 41/50 MP: 3/5
   851 | D:2      | Killed Jessica
   852 | D:2      | Reached skill level 5 in Maces & Flails
  1289 | D:3      | Reached XP level 5. HP: 49/58 MP: 6/6
  2004 | D:4      | Found a snail-covered altar of Cheibriados.
  2014 | D:4      | Reached XP level 6. HP: 58/67 MP: 7/7
  2347 | D:4      | Noticed a sky beast
  2362 | D:4      | Killed a sky beast
  2426 | D:4      | Reached XP level 7. HP: 32/77 MP: 5/8
  2671 | D:4      | Reached skill level 5 in Dodging
  2939 | D:5      | Entered Level 5 of the Dungeon
  2962 | D:5      | Reached skill level 1 in Throwing
  3021 | D:5      | Noticed Galewind's ghost (novice AvCj)
  3142 | D:5      | Reached skill level 5 in Fighting
  3142 | D:5      | Reached XP level 8. HP: 83/86 MP: 7/9
  3178 | D:5      | Found a runed translucent door.
  3403 | D:5      | Learned a level 3 spell: Confuse
  3600 | D:5      | Got a fading hand axe
  3739 | D:6      | Reached skill level 1 in Spellcasting
  3880 | D:6      | Found an iron altar of Okawaru.
  4038 | D:6      | Noticed a hippogriff
  4075 | D:6      | Killed a hippogriff
  4262 | D:6      | Noticed a troll
  4351 | D:6      | Identified the +3 hand axe of Meager Defence {protect,
                  | *Slow +Rage MR+ Dex+3} (You found it on level 5 of the
                  | Dungeon)
  4426 | D:4      | Became a worshipper of Cheibriados the Contemplative
  4426 | D:4      | Reached * piety under Cheibriados
  4426 | D:4      | Reached ** piety under Cheibriados
  4484 | D:6      | Reached XP level 9. HP: 95/95 MP: 13/13
  4783 | D:6      | Killed a troll
  4784 | D:6      | Reached skill level 1 in Hexes
  4947 | D:7      | Reached skill level 1 in Axes
  4960 | D:7      | Found a staircase to the Ecumenical Temple.
  5138 | D:7      | Noticed a cyclops
  5154 | D:7      | Killed a cyclops
  5418 | D:7      | Noticed a gargoyle
  5433 | D:7      | Killed a gargoyle
  5640 | D:7      | Reached XP level 10. HP: 84/107 MP: 13/17
  5643 | D:7      | Reached *** piety under Cheibriados
  5644 | D:7      | Reached skill level 5 in Spellcasting
  5693 | D:7      | Found a staircase to the Lair.
  6307 | D:8      | Noticed a two-headed ogre
  6316 | D:8      | Killed a two-headed ogre
  6336 | D:8      | Learned a level 3 spell: Dazzling Orbs
  6378 | D:8      | Reached **** piety under Cheibriados
  6387 | D:8      | Reached skill level 1 in Conjurations
  6514 | D:8      | Found Jiwniec's General Store.
  7053 | D:9      | Reached XP level 11. HP: 64/117 MP: 10/19
  7213 | D:9      | Noticed Psyche
  7223 | D:9      | Killed Psyche
  7224 | D:9      | Reached skill level 5 in Axes
  7405 | D:9      | Reached ***** piety under Cheibriados
  7465 | D:9      | Noticed Harold
  7498 | D:9      | Killed Harold
  7505 | D:9      | HP: 4/117 [troll (12)]
  7880 | D:9      | Noticed Maurice
  7894 | D:9      | Killed Maurice
  8093 | D:10     | Entered Level 10 of the Dungeon
  8093 | D:10     | Noticed a two-headed ogre
  8093 | D:10     | Noticed a centaur warrior
  8093 | D:10     | Noticed a two-headed ogre
  8110 | D:10     | Killed a two-headed ogre
  8110 | D:10     | Killed a two-headed ogre
  8111 | D:10     | Killed a centaur warrior
  8113 | D:10     | Killed from afar by an efreet

Skill      XL: |  1  2  3  4  5  6  7  8  9 10 11 |
---------------+----------------------------------+-----
Maces & Flails | 4 5 6 7 8 9 |  9.4
Dodging        | 3 4 5 6 7 8 9 |  9.4
Stealth        | 3 4 |  4.9
Fighting       | 4 5 6 7 |  7.8
Throwing       | 1 2 3 |  3.3
Spellcasting   | 3 4 5 |  5.9
Hexes          | 3 4 |  4.9
Axes           | 3 4 6 |  6.2
Conjurations   | 1 2 |  2.9
Invocations    | 3 |  3.4

Action                   |  1- 3 |  4- 6 |  7- 9 | 10-12 || total
-------------------------+-------+-------+-------+-------++-------
Melee: Mace              |   129 |   191 |   319 |       ||   639
       Hand axe          |       |       |   170 |   316 ||   486
Throw: Stone             |       |     9 |    18 |       ||    27
       Javelin           |       |       |     3 |       ||     3
       Tomahawk          |       |       |     7 |    56 ||    63
       Large rock        |       |       |     2 |       ||     2
 Cast: Confuse           |       |       |       |     1 ||     1
       Dazzling Orbs     |       |       |       |     1 ||     1
Invok: Bend Time         |       |       |       |     1 ||     1
       Temporal Distorti |       |       |       |     1 ||     1
  Use: Scroll            |       |       |     4 |       ||     4
       Potion            |       |       |       |     2 ||     2
 Stab: Sleeping          |     4 |     2 |     3 |     5 ||    14
       Distracted        |       |       |       |     1 ||     1
  Eat: Chunk             |     3 |     9 |    18 |    13 ||    43
       Ration            |       |       |     2 |     5 ||     7
Armor: Skin              |   145 |   158 |   425 |   239 ||   967
Dodge: Dodged            |   135 |   169 |   568 |   645 ||  1517
